 Dungeon Crawl Stone Soup version bcrawl-1.19 (webtiles) character file.

Game seed: 8744064013365795744

113 sankara the Slasher (level 4, 0/29 HPs)
             Began as a Skeleton Reaver on Nov 13, 2019.
             Was a Believer of Vehumet.
             Slain by an orc wizard
             ... wielding a +0 dagger
              (3 damage)
             ... on level 3 of the Dungeon.
             The game lasted 00:05:27 (2134 turns).

sankara the Slasher (Skeleton Reaver)               Turns: 2134, Time: 00:05:28

Health: 0/29       AC:  6    Str: 16 (17) XL:     4   Next: 65%
Magic:  0/10       EV: 12    Int: 13 (14) God:    Vehumet [**....]
Gold:   219        SH:  0    Dex:  7      Spells: 9/11 levels left

rFire    . . .     SeeInvis .   a - +0 long sword
rCold    + . .     Gourm    .   (no shield)
rNeg     + + +     Faith    .   b - +0 steam dragon scales
rPois    ∞         Spirit   +   (no helmet)
rElec    .         Reflect  .   (no cloak)
rCorr    .         Harm     .   (no gloves)
MR       .....                  l - +0 pair of boots
Stlth    +.........             (no amulet)
HPRegen  0.09/turn              (no ring)
MPRegen  0.12/turn              (no ring)

@: no status effects
A: no food or potions, cold resistance 1, deterioration 1, negative energy
resistance 3, torment resistance, unbreathing, magic shield, sturdy frame 1,
spell healing
a: Renounce Religion


You were on level 3 of the Dungeon.
You worshipped Vehumet.
Vehumet was pleased with you.
You were not hungry.

You visited 1 branch of the dungeon, and saw 3 of its levels.

You collected 219 gold pieces.

Inventory:

Hand Weapons
 a - a +0 long sword (weapon)
 m - a cursed -1 dagger
 n - a +2 dagger of freezing
Armour
 b - +0 steam dragon scales (worn)
 l - a +0 pair of boots (worn)
Scrolls
 c - a scroll of immolation
 d - a scroll of fog {unknown}
 e - 4 scrolls of identify {unknown}
 f - 3 scrolls of magic mapping {unknown}
 g - 3 scrolls of amnesia {unknown}
 h - 2 scrolls of enchant weapon {unknown}
 i - 3 scrolls of teleportation {unknown}
 j - a scroll of remove curse {unknown}
 k - 3 scrolls of fear {unknown}


   Skills:
 + Level 3.9 Fighting
 + Level 4.8 Long Blades
 - Level 3.0 Dodging
 + Level 4.4 Spellcasting
 + Level 1.0 Conjurations


You had 9 spell levels left.
You knew the following spells:

 Your Spells              Type           Power        Failure   Level  Hunger
a - Searing Ray           Conj           #.....       5%          2    N/A

Your spell library contained the following spells:

 Spells                   Type           Power        Failure   Level  Hunger
 Iskenderun's Battlesphe  Conj/Chrm      #.......     71%         5    N/A

Dungeon Overview and Level Annotations

Branches:
Dungeon (3/12)

Altars:
Dithmenos


Innate Abilities, Weirdness & Mutations

You do not eat or drink.
You are immune to poison.
Your flesh is cold resistant. (rC+)
Your body sometimes deteriorates upon taking damage.
You are immune to negative energy. (rN+++)
You are immune to unholy pain and torment.
You can survive without breathing.
When hurt, damage is shared between your health and your magic reserves.
Your movements are slightly less encumbered by armour. (ER -2)
Casting spells heals you.


Message History

Aiming: Searing Ray (safe; 5% risk of failure)
Press: ? - help, Shift-Dir - straight line, f - orc wizard
Aim: an orc wizard, wielding a +0 dagger and wearing a +0 robe The searing ray hits the orc wizard.
The orc wizard is lightly wounded. (Press . to maintain the ray.)
The orc wizard hits you but does no damage.
You slash the orc wizard!
The orc wizard is heavily wounded.
The orc wizard hits you but does no damage.
You barely miss the orc wizard.
The orc wizard is heavily wounded.
The orc wizard points at you and mumbles some strange words.
The puff of flame hits you!
* * * LOW HITPOINT WARNING * * *
Your body deteriorates!
You feel dopey.
You barely miss the orc wizard.
The orc wizard is heavily wounded.
The orc wizard hits you with a +0 dagger.
You die...

....# #.. ....# ###
#.. ....# ..# #..
....##..# #..#
........# #...
........# #...##
........# ##.).##
........# #....)##
###.....# ###.^o@#
###.....# #....##
........# ##....#
.!......#######...#
.................##
................##
................#
................#
########........#


You could see an orc wizard.

Vanquished Creatures
  An orc wizard (D:3)
  A howler monkey skeleton (D:3)
  A worm (D:2)
  2 dart slugs
  4 leopard geckos
  2 orcs
  5 giant cockroaches
  8 goblins
  9 hobgoblins
  7 jackals
  A ball python (D:1)
  5 bats
  3 frilled lizards
  4 kobolds
  9 rats
62 creatures vanquished.

Notes
Turn   | Place    | Note
-------+----------+-------------------------------------------
     0 | D:1      | sankara the Skeleton Reaver began the quest for the Orb.
     0 | D:1      | Reached XP level 1. HP: 14/14 MP: 4/4
   105 | D:1      | Reached XP level 2. HP: 16/19 MP: 4/6
   220 | D:1      | Reached * piety under Vehumet
   220 | D:1      | Offered knowledge of Sting by Vehumet.
   321 | D:1      | Reached XP level 3. HP: 20/23 MP: 5/8
  1521 | D:2      | Found a faded altar of an unknown god.
  1785 | D:2      | Found a shadowy altar of Dithmenos.
  1787 | D:2      | Offered knowledge of Searing Ray by Vehumet.
  1800 | D:2      | Learned a level 2 spell: Searing Ray
  2018 | D:3      | Reached ** piety under Vehumet
  2018 | D:3      | Reached XP level 4. HP: 28/29 MP: 10/10
  2126 | D:3      | Reached skill level 1 in Conjurations
  2134 | D:3      | Slain by an orc wizard

Skill      XL: |  1  2  3  4 |
---------------+-------------+-----
Long Blades    | 4 |  4.8
Spellcasting   | 4 |  4.4
Conjurations   | 1 |  1.0
Fighting       | |  3.9
Dodging        | |  3.0

Action                   |  1- 3 |  4- 6 || total
-------------------------+-------+-------++-------
Melee: Long sword        |   158 |    28 ||   186
 Cast: Searing Ray       |     2 |     3 ||     5
Armor: Steam dragon scal |    49 |    21 ||    70
Dodge: Dodged            |   117 |    20 ||   137
